 Dungeon Crawl Stone Soup version 0.19-a0-1049-g462a813 (webtiles) character file.

46 Jmtri7 the Charlatan (level 3, 0/26 HPs)
             Began as a Formicid Artificer on July 31, 2016.
             Hit by a javelin thrown by Urug (14 damage)
             ... on level 10 of the Dungeon.
             The game lasted 00:02:47 (356 turns).

Jmtri7 the Charlatan (Formicid Artificer)            Turns: 356, Time: 00:02:48

Health: 0/26       AC:  5    Str: 16    XL:     3   Next: 95%
Magic:  6/6        EV: 11    Int: 10    God:
Gold:   58         SH:  0    Dex: 12    Spells: 0 memorised, 2 levels left

rFire  . . .     SeeInvis +     a - +0 short sword
rCold  . . .     Gourm    .     i - +0 ring mail
rNeg   . . .     Faith    .     (no shield)
rPois  .         Spirit   .     (helmet unavailable)
rElec  .         Dismiss  .     (no cloak)
rCorr  .         Reflect  .     (no gloves)
SustAt +         Harm     .     (no boots)
MR     .....                    (no amulet)
Stlth  +.........               (no ring)
                                b - ring of sustain attributes

@: not resistant to hostile enchantments, very unstealthy
A: permanent stasis, dig shafts and tunnels, four strong arms, antennae 3
a: Dig, Shaft Self


You were on level 10 of the Dungeon.
You were not hungry.

You visited 1 branch of the dungeon, and saw 5 of its levels.

You collected 58 gold pieces.

Inventory:

Hand Weapons
 a - a +0 short sword (weapon)
Armour
 i - a +0 ring mail (worn)
Jewellery
 b - a ring of sustain attributes (left hand)
Wands
 c - a wand of flame (2/48)
 d - a wand of enslavement (12/24)
 e - a wand of random effects (15/48)
 j - a wand of paralysis (10/24)
Scrolls
 h - a scroll of remove curse
Potions
 g - a potion of heal wounds
Comestibles
 f - a bread ration


   Skills:
 - Level 1.2 Fighting
 - Level 1.2 Short Blades
 - Level 1.8 Dodging
 - Level 1.2 Stealth
 + Level 4.8 Evocations


You had 2 spell levels left.
You didn't know any spells.

Dungeon Overview and Level Annotations

Branches:
Dungeon (4/15)
 Temple: D:4-7

Altars:
Nemelex Xobeh
Okawaru
Ru

Annotations:
D:10 Urug


Innate Abilities, Weirdness & Mutations

You are under a permanent stasis effect.
You can dig through walls and to a lower floor.
Your four strong arms can wield two-handed weapons with a shield.
You have a pair of large antennae on your head. (SInv)


Message History

You see here a javelin.
Zapping:
d - a wand of enslavement (14/24)
Press: ? - help, Shift-Dir - straight line, f - Urug, p - jelly
Aim: Urug, wielding a battleaxe of electrocution and wearing a scale mail (chance to defeat MR: 38%) Urug resists with some effort.
This wand has 13 charges left.
Jmtri7's ghost hits your ogre!
Your ogre hits Jmtri7's ghost with a giant club!
Jmtri7's ghost is destroyed!
The jelly hits your ogre.
Your ogre is splashed with acid.
The acid corrodes your ogre!
Your ogre dies!
The jelly looks stronger.
Urug throws a javelin.
The javelin misses you.
Zapping:
d - a wand of enslavement (13/24)
Press: ? - help, Shift-Dir - straight line, f/p - Urug
Aim: Urug, wielding a battleaxe of electrocution and wearing a scale mail (chance to defeat MR: 38%) Urug resists with some effort.
This wand has 12 charges left.
Urug squints and screams, "I know a harpy when I see one!"
Urug throws a javelin.
The javelin hits you!
Ouch! That really hurt!
You die...

# ....... #. #.......#
#..#####.......#
#..#...#.......#..
.....#.......#...
#...#...........
.#..#..............
.......@.J.........
................#####
................#...####
....#...........#...#...
o## #...#.......#...#...
.....#.......#...#...
......#............<..
......#...............
##### #...............


You could see Urug and a jelly.

Vanquished Creatures
  A giant frog skeleton (D:4)
  An adder (D:4)
  A dart slug (D:4)
  A giant gecko (D:4)
  A giant cockroach (D:4)
5 creatures vanquished.

Vanquished Creatures (collateral kills)
  The ghost of Jmtri7 the Charlatan, a weakling FoAr (D:10)
1 creature vanquished.

Vanquished Creatures (others)
  An ogre (D:10)
1 creature vanquished.

Grand Total: 7 creatures vanquished

Notes
Turn   | Place    | Note
-------+----------+-------------------------------------------
     0 | D:1      | Jmtri7 the Formicid Artificer began the quest for the Orb.
     0 | D:1      | Reached XP level 1. HP: 15/15 MP: 3/3
    10 | D:1      | You fall through a shaft!
    29 | D:2      | You fall through a shaft for 2 floors!
    29 | D:4      | Found a sacrificial altar of Ru.
    46 | D:4      | Reached XP level 2. HP: 10/21 MP: 4/4
    48 | D:4      | Found an iron altar of Okawaru.
   203 | D:4      | Found a sparkling altar of Nemelex Xobeh.
   247 | D:4      | Reached skill level 4 in Evocations
   247 | D:4      | Reached XP level 3. HP: 26/26 MP: 4/6
   337 | D:4      | You fall through a shaft for 3 floors!
   337 | D:7      | Noticed a phantom
   340 | D:7      | You fall through a shaft for 3 floors!
   340 | D:10     | Entered Level 10 of the Dungeon
   340 | D:10     | Noticed an ogre
   350 | D:10     | Noticed Jmtri7's ghost (weakling FoAr)
   354 | D:10     | Noticed Urug
   355 | D:10     | Killed Jmtri7's ghost
   356 | D:10     | Hit by a javelin thrown by Urug

Vault maps used:
D:1:      mrwooster_arrival_statue_2, st_stairs_14, grunt_decor_arrowhead
D:2:      old_standard_altar, first_bread, st_stairs_6, grunt_decor_fettered
D:4:      minmay_overflow_temple_star_quad, lemuel_tele_altar
D:7:      the_bakery, uniq_joseph, uniq_prince_ribbit1
D:10:     uniq_urug

Skill      XL: |  1  2 |
---------------+-------+-----
Evocations     | 4 |  4.8
Fighting       | |  1.2
Short Blades   | |  1.2
Dodging        | |  1.8
Stealth        | |  1.2

Action                   || total
-------------------------++-------
 Abil: Shaft Self        ||     4
Evoke: Wand              ||    16
  Use: Scroll            ||     3
Dodge: Dodged            ||     1
